AoeStats
← 文風

Socotra

506726060Analyzed
4v4 RM · 18d ago on Sep 14, 2026· 29m 28s· 8 players
Game mode
Random Map
Map size
148×148
Population
200
Speed
Normal
Resources
Standard
Victory
Conquest
Starting age
Dark Age
Ending age
Imperial Age
RankedLock teamsTeams togetherTeam positionsShared explorationLock speedFull tech treeHidden civsTurbo modeCheats
Victory
Defeat
🇭🇰 Poles · Hong Kong SAR China
1425
+15
🇺🇸 Bohemians · United States
1408
+16
🇺🇸 Hindustanis · United States
1348
+18
🇨🇿 Huns · Czechia
1344
+20
🇳🇱 Chinese · Netherlands
1435
-18
🇩🇪 Georgians · Germany
1403
-17
🇬🇧 Chinese · United Kingdom
1395
-17
🇩🇪 Bulgarians · Germany
1394
-17
Pxlgun
7:13 Loom
9:37 Feudal Age
10:02 Horse Collar
19:04 Forging
19:28 Double-Bit Axe
20:30 Scale Barding Armor
MrGriffer
0:26 Loom
23:06 Feudal Age
24:25 Horse Collar
24:34 Double-Bit Axe
27:58 Castle Age
27:28 Scale Mail Armor
28:45 Wheelbarrow
28:09 Pikeman
MedusaBad
0:26 Loom
13:48 Feudal Age
17:44 Castle Age
16:05 Double-Bit Axe
16:56 Fletching
19:12 Bow Saw
19:24 Bodkin Arrow
25:27 Horse Collar
mode maelle
2:57 Loom
10:40 Feudal Age
11:24 Double-Bit Axe
16:12 Fletching
23:08 Scale Barding Armor
23:41 Horse Collar
24:54 Padded Archer Armor
28:09 Castle Age
26:44 Bloodlines
Jafarr
0:37 Loom
1:56 Loom
10:11 Feudal Age
11:29 Double-Bit Axe
19:18 Horse Collar
20:07 Fletching
21:01 Padded Archer Armor
26:13 Castle Age
26:19 Crossbowman
Rabe3000
7:01 Loom
9:20 Feudal Age
14:32 Double-Bit Axe
20:57 Castle Age
20:55 Bloodlines
21:25 Scale Barding Armor
21:28 Light Cavalry
22:51 Forging
Joseph90
2:07 Loom
4:19 Loom
13:53 Feudal Age
14:28 Double-Bit Axe
16:58 Horse Collar
17:56 Bloodlines
19:39 Wheelbarrow
20:25 Forging
25:05 Castle Age
25:20 Light Cavalry
26:34 Husbandry
29:35 Scale Barding Armor
文風
7:42 Loom
10:23 Feudal Age
11:01 Double-Bit Axe
17:27 Fletching
19:49 Wheelbarrow
24:25 Castle Age
22:26 Horse Collar
22:42 Stone Mining
28:01 Bow Saw
27:53 Heavy Plow
28:51 Bodkin Arrow
Connection lost

Rejoining the realm…

Still unreachable

The connection could not be restored.

Session expired

The server has moved on; the page needs a fresh start.